Map: Ghost River LE

Players

Geralt (Gerald) - Winner!

  • Race: Protoss Protoss
  • League: Grandmaster
  • Spawn Location: 1:00

SKillous

  • Race: Protoss Protoss
  • League: Grandmaster
  • Spawn Location: 11:00

Event: HomeStory Cup XXV

VOD

Have the link to the VOD?

Description

Time

  • Played on: June 21, 2024, 3:09 p.m.
  • Length: 13:21

All games in this series

Show
View Real Time Build Order
Export as new Build Order

Geralt Protoss - Winner!

Build Orders: Blink Stalkers 

Get SALT Encoding   

  12  0:00  Probe  
  13  0:12  Probe  
  14  0:17  Pylon  
  14  0:24  Probe (Chrono Boost)  
  16  0:35  Gateway  
  16  0:37  Probe (Chrono Boost)  
  16  0:41  Probe (Chrono Boost)  
  16  0:46  Assimilator  
  17  0:52  Probe (Chrono Boost)  
  17  0:54  Assimilator  
  18  1:04  Probe (Chrono Boost)  
  19  1:06  Gateway  
  19  1:13  Probe (Chrono Boost)  
  19  1:18  Probe  
  20  1:23  Cybernetics Core  
  21  1:30  Probe  
  22  1:35  Pylon  
  22  1:42  Probe  
  23  1:54  Probe  
  23  1:59  Stalker, Sentry  
  28  2:06  Probe  
  28  2:07  Warp Gate  
  29  2:14  Pylon  
  29  2:18  Probe  
  30  2:31  Probe  
  31  2:38  Nexus  
  31  2:43  Probe (Chrono Boost)  
  32  2:48  Twilight Council  
  31  2:54  Probe (Chrono Boost)  
  32  3:00  Probe (Chrono Boost)  
  32  3:04  Stalker, Sentry  
  37  3:09  Probe  
  37  3:11  Pylon  
  38  3:18  Blink (Chrono Boost)  
  38  3:21  Probe  
  39  3:33  Probe  
  40  3:45  Probe  
  40  3:48  Gateway  
  41  3:50  Shield Battery  
  41  3:52  Probe  
  41  3:55  Stalker  
  44  3:58  Stalker  
  44  4:01  Probe  
  47  4:04  Probe  
  48  4:10  Pylon  
  48  4:13  Probe  
  48  4:16  Probe  
  50  4:27  Probe  
  50  4:29  Pylon  
  50  4:30  Stalker x2  
  50  4:31  Probe  
  54  4:38  Gateway  
  54  4:43  Stalker  
  56  4:47  Assimilator, Pylon  
  56  4:49  Probe x2  
  58  4:54  Stalker  
  56  5:08  Stalker x2  
  56  5:25  Stalker  
  56  5:26  Gateway, Probe  
  56  5:27  Probe  
  58  5:32  Stalker  
  58  5:33  Stalker  
  62  5:38  Probe  
  62  5:39  Probe  
  62  5:47  Stalker, Pylon  
  64  5:50  Probe  
  64  5:51  Probe  
  64  5:54  Stalker  
  64  5:56  Stalker x2  
  72  6:03  Pylon  
  70  6:12  Stalker  
  70  6:15  Probe  
  69  6:22  Probe  
  69  6:26  Stalker x4  
  69  6:27  Probe (Chrono Boost)  
  73  6:39  Probe (Chrono Boost)  
  75  6:40  Probe (Chrono Boost)  
  75  6:46  Robotics Facility  
  76  6:49  Probe x2 (Chrono Boost)  
  76  6:53  Gateway  
  77  6:54  Stalker x2  
  77  6:58  Gateway, Probe  
  77  6:59  Probe  
  83  7:09  Assimilator  
  83  7:10  Probe  
  83  7:11  Probe  
  85  7:17  Stalker x3  
  87  7:27  Stalker x2  
  87  7:29  Probe  
  90  7:34  Observer (Chrono Boost)  
  91  7:43  Stalker x2  
  95  7:54  Robotics Bay  
  94  8:00  Nexus  
  94  8:16  Gateway  
  94  8:32  Pylon  
  94  8:35  Pylon  
  94  8:39  Shield Battery  
  94  8:44  Pylon  
  94  8:49  Disruptor (Chrono Boost)  
  94  8:50  Probe  
  94  8:53  Probe  
  100  8:55  Stalker  
  100  9:02  Probe  
  103  9:05  Probe  
  103  9:08  Pylon  
  104  9:10  Pylon  
  104  9:11  Pylon  
  104  9:18  Probe  
  104  9:22  Stalker x2  
  101  9:31  Stalker x5  
  91  9:32  Probe  
  99  9:45  Probe  
  99  9:48  Robotics Facility  
  99  9:52  Stalker x2  
  98  9:57  Robotics Facility  
  98  9:59  Stalker x5  
  96  10:03  Probe  
  96  10:05  Probe  
  79  10:15  Probe  
  79  10:17  Stalker x2  
  84  10:26  Stalker  
  83  10:49  Disruptor (Chrono Boost)  
  86  10:58  Stalker x2  
  86  10:59  Observer  
  86  11:02  Probe  
  89  11:12  Nexus  
  89  11:21  Probe  
  89  11:22  Stalker x3  
  89  11:24  Pylon  
  96  11:31  Probe  
  96  11:32  Pylon  
  97  11:36  Disruptor (Chrono Boost)  
  101  11:44  Shield Battery  
  100  11:47  Stalker  
  102  11:59  Stalker x2  
  88  12:15  Stalker x3  
  72  12:27  Disruptor  
  74  12:40  Probe (Chrono Boost)  
  77  12:45  Probe x2 (Chrono Boost)  
  77  12:51  Probe (Chrono Boost)  
  76  12:54  Stalker x3  
  76  12:55  Probe (Chrono Boost)  
  71  12:59  Stalker  
  71  13:05  Probe  
Show
View Real Time Build Order
Export as new Build Order

SKillous Protoss 

Build Orders: Phoenix Opening 

Get SALT Encoding   

  12  0:00  Probe  
  13  0:12  Probe  
  14  0:17  Pylon  
  14  0:24  Probe (Chrono Boost)  
  15  0:36  Probe (Chrono Boost)  
  15  0:37  Gateway  
  16  0:44  Probe (Chrono Boost)  
  16  0:46  Assimilator  
  17  0:50  Probe  
  17  0:53  Assimilator  
  18  1:03  Probe (Chrono Boost)  
  19  1:05  Gateway  
  20  1:12  Probe (Chrono Boost)  
  20  1:17  Probe (Chrono Boost)  
  20  1:24  Cybernetics Core  
  21  1:29  Probe  
  21  1:32  Pylon  
  22  1:41  Probe  
  23  1:53  Probe  
  24  2:00  Sentry, Warp Gate  
  28  2:05  Probe  
  29  2:09  Pylon  
  29  2:17  Probe  
  29  2:18  Shield Battery  
  30  2:24  Sentry  
  30  2:26  Sentry  
  32  2:30  Phoenix  
  32  2:35  Nexus  
  32  2:38  Probe  
  33  2:48  Robotics Facility  
  33  2:50  Probe  
  34  3:02  Probe  
  34  3:04  Pylon  
  35  3:14  Phoenix, Probe  
  36  3:26  Probe  
  37  3:32  Immortal (Chrono Boost)  
  37  3:40  Probe (Chrono Boost)  
  42  3:45  Twilight Council  
  42  3:47  Probe (Chrono Boost)  
  45  3:56  Probe x2 (Chrono Boost)  
  45  4:01  Immortal (Chrono Boost)  
  49  4:03  Probe  
  49  4:08  Probe  
  51  4:15  Probe  
  52  4:19  Gateway x2  
  52  4:21  Resonating Glaives (Chrono Boost)  
  52  4:30  Warp Prism (Chrono Boost)  
  55  4:35  Gateway  
  55  4:36  Gateway  
  54  4:41  Shield Battery  
  54  4:46  Pylon  
  54  4:47  Probe  
  55  4:53  Adept x2  
  55  5:16  Adept x4  
  55  5:17  Immortal (Chrono Boost)  
  57  5:37  Adept x4  
  57  5:38  Adept x2  
  65  5:48  Pylon  
  65  5:53  Immortal (Chrono Boost)  
  67  6:05  Adept  
  69  6:17  Adept x4  
  69  6:18  Adept  
  77  6:22  Immortal (Chrono Boost)  
  71  6:41  Adept  
  71  6:42  Adept x2  
  71  6:45  Pylon  
  77  6:47  Pylon  
  77  6:49  Pylon  
  77  6:50  Pylon  
  77  6:53  Pylon  
  77  7:04  Adept x4  
  77  7:05  Adept  
  87  7:09  Adept  
  85  7:35  Adept x6  
  87  7:56  Adept x5  
  87  7:57  Adept  
  99  8:00  Assimilator x2  
  99  8:01  Probe x2  
  97  8:13  Warp Prism (Chrono Boost)  
  99  8:29  Adept x6  
  99  8:31  Probe x2  
  109  8:46  Pylon  
  109  8:47  Immortal (Chrono Boost)  
  111  9:03  Adept x4  
  111  9:05  Adept x2  
  111  9:07  Pylon  
  95  9:33  Adept x6  
  105  9:46  Immortal (Chrono Boost)  
  79  9:58  Probe x2  
  63  10:10  Adept x6  
  65  10:16  Immortal (Chrono Boost)  
  67  10:25  Blink  
  67  10:31  Stalker x3  
  67  10:32  Sentry  
  67  10:34  Sentry  
  77  10:47  Immortal (Chrono Boost)  
  77  10:48  Stalker  
  74  11:00  Stalker x2  
  76  11:11  Stalker x2  
  76  11:17  Stalker  
  82  11:22  Observer (Chrono Boost)  
  83  11:31  Stalker x2  
  81  11:34  Warp Prism (Chrono Boost)  
  81  11:39  Stalker  
  85  11:48  Pylon  
  77  12:11  Stalker x5  
  57  12:36  Adept x2  
  59  12:37  Adept x2  
  59  12:41  Stalker  
  65  12:44  Stalker  
Tags
 
Add a new tag
Caveats
  • Supply blocks, unpowered buildings, or Contaminate may cause inaccurate times.
  • Supply counts are checked every 10 seconds.